 Dungeon Crawl Stone Soup version 0.30.0-30-g96aa6591b8 (webtiles) character file.

Game seed: 16476912509640228536

1071 H0rd4k the Charlatan (level 8, -4/52 HPs)
             Began as an Octopode Artificer on June 30, 2023.
             Was an Initiate of Gozag.
             Splashed by a jelly's acid (6 damage)
             ... on level 6 of the Dungeon.
             The game lasted 00:06:23 (5796 turns).

H0rd4k the Charlatan (Octopode Artificer)           Turns: 5796, Time: 00:06:24

Health: -4/52      AC: -11   Str: 11    XL:     8   Next: 28%
Magic:  8/8        EV: 14    Int: 16    God:    Gozag
Gold:   420        SH:  0    Dex: 12    Spells: 7/7 levels left

rFire   . .          .
                       - Unarmed
rCold   . . .        (no shield)
rNeg    + . .        (helmet restricted)
rPois   .            (no amulet)
rElec   .            j - ring of positive energy
rCorr   .            u - ring of willpower
SInv    .            (no ring)
Will    +....        (no ring)
Stlth   +++          (no ring)
HPRegen 0.28/turn    (no ring)
MPRegen 0.11/turn    (no ring)
                     (no ring)

%: no passive effects
@: corroded
A: almost no armour, amphibious, 8 rings, camouflage 1, gelatinous body 1,
(nimble swimmer 1), tentacles
a: Renounce Religion, Potion Petition, Call Merchant, Bribe Branch


You were on level 6 of the Dungeon.
You worshipped Gozag.
Gozag was aware of your devotion.
You visited 2 branches of the dungeon, and saw 7 of its levels.

You collected 468 gold pieces.
You paid 48 gold pieces to Gozag.

Inventory:

Missiles
 t - 15 poisoned darts
Magical Staves
 C - a staff of air
Jewellery
 j - a ring of positive energy (left tentacle)
 u - a ring of willpower (right tentacle)
Wands
 b - a wand of digging (5) (quivered)
 c - a wand of charming (7)
Scrolls
 f - a scroll of enchant armour {unknown}
 g - a scroll of fear {unknown}
 i - 5 scrolls of teleportation {unknown}
 l - a scroll of magic mapping {unknown}
 m - 6 scrolls of identify {unknown}
 p - a scroll of butterflies {unknown}
 q - a scroll of torment {unknown}
 v - a scroll of fog {unknown}
 x - 2 scrolls of immolation {unknown}
 y - a scroll of blinking {unknown}
 B - 2 scrolls of enchant weapon {unknown}
 D - 2 scrolls of poison {unknown}
Potions
 a - 2 potions of ambrosia
 e - a potion of lignification
 h - 2 potions of brilliance {unknown}
 k - 2 potions of heal wounds {unknown}
 n - 3 potions of berserk rage {unknown}
 o - a potion of invisibility {unknown}
 r - a potion of degeneration {unknown}
 s - 3 potions of haste {unknown}
 w - 4 potions of curing {unknown}
 z - a potion of flight {unknown}
 A - 2 potions of resistance {unknown}


   Skills:
 + Level 3.1 Fighting
 + Level 5.0 Dodging
 - Level 1.3 Stealth
 + Level 5.8 Unarmed Combat
 + Level 6.2 Evocations


You had 7 spell levels left.
You didn't know any spells.
Your spell library contained the following spells:

 Spells                   Type           Power      Damage    Failure   Level
 Cigotuvi's Dreadful Rot  Necr/Pois/Air  0%         N/A       36%         2
 Dispel Undead            Necr           0%         3d6       94%         4
 Death Channel            Necr           0%         N/A       100%        6


Dungeon Overview and Level Annotations

Branches:
Dungeon (6/15)             Temple (1/1) D:4

Altars:
Ashenzari
Cheibriados
Dithmenos
Elyvilon
Fedhas
Gozag
Hepliaklqana
Makhleb
Okawaru
Qazlal
Ru
Sif Muna
Trog
Uskayaw
Wu Jian
The Shining One

Annotations:
D:1 exclusion: gnoll
D:4 exclusion: phantom, Edmund


Innate Abilities, Weirdness & Mutations

You cannot wear most types of armour.
You are amphibious.
You can wear up to eight rings at the same time.
Your skin changes colour to match your surroundings (Stealth+).
Your rubbery body absorbs attacks. (AC +1, EV +1)
((You are camouflaged when in or above water. (Stealth+)))
You have tentacles for arms and can constrict up to eight enemies at once.


Message History

No target in view!
No target in view!
No target in view!
No target in view!
No target in view!
No target in view!
No target in view!
No target in view!
You now have 420 gold pieces (gained 4).
Found a stone staircase leading down.
A jelly comes into view.
The jelly quivers.
You tentacle-slap the jelly but do no damage.
Your tentacles burn!
The jelly hits you.
You are splashed with acid!
You bludgeon the jelly! The acid corrodes you!
Your tentacles burn!
The jelly is heavily wounded.
The jelly hits you. The acid corrodes you!
You are splashed with acid!
You completely miss the jelly.
The jelly is heavily wounded.
The jelly misses you.
You tentacle-slap the jelly.
Your tentacles burn!
The jelly is severely wounded.
The jelly hits you.
You are splashed with acid.
* * * LOW HITPOINT WARNING * * *
You tentacle-slap the jelly but do no damage.
Your tentacles burn!
* * * LOW HITPOINT WARNING * * *
You squeeze the jelly.
The jelly is almost dead.
The jelly misses you.
You tentacle-slap the jelly but do no damage.
Your tentacles burn!
* * * LOW HITPOINT WARNING * * *
You squeeze the jelly, but do no damage.
The jelly is almost dead.
The jelly hits you.
* * * LOW HITPOINT WARNING * * *
The acid corrodes you!
You are splashed with acid.
You die...
Your body crumbles into a pile of gold.

.....#
#.###.#...#..
.....# #...#...###
.....# #.###...#
##.### ######## #.
....# .#
#######...... #
##...# .#
#.....#.....#
##..# #.....#.....
..# #.....##..J#
##.####.....####@#
................>#
#...#....####.#.#
# #.#.#### #.#.#
#.#.#######.#.#
#.#.........#.#
#...#########.#
#.............# $
#........... ..


You could see a jelly.

Vanquished Creatures
  An ogre (D:5)
  A kobold brigand (D:6)
  2 phantoms
  2 bullfrogs (D:6)
  2 scorpions
  3 hounds
  A jelly (D:4)
  A gnoll bouda (D:5)
  2 orc priests (D:6)
  A sleepcap (D:5)
  Jessica (D:3)
  2 iguanas
  4 gnolls
  7 adders
  An ufetubus (D:5)
  2 worms
  2 dart slugs (D:1)
  7 orcs
  4 endoplasms
  8 hobgoblins
  3 jackals (D:2)
  11 kobolds
  3 ball pythons
  5 frilled lizards
  2 goblins
  4 rats
82 creatures vanquished.

Vanquished Creatures (collateral kills)
  An orc priest (D:3)
  An adder (D:3)
  An ufetubus (D:6)
  A hobgoblin (D:3)
4 creatures vanquished.

Vanquished Creatures (others)
  An orc priest (D:3)
  An orc wizard (D:3)
  An adder (D:3)
3 creatures vanquished.

Grand Total: 89 creatures vanquished

Notes
Turn   | Place    | Note
-------+----------+-------------------------------------------
     0 | D:1      | H0rd4k the Octopode Artificer began the quest for the Orb.
     0 | D:1      | Reached XP level 1. HP: 13/13 MP: 1/1
   149 | D:1      | Reached XP level 2. HP: 18/18 MP: 2/2
   229 | D:1      | Reached skill level 4 in Evocations
  1014 | D:1      | Reached XP level 3. HP: 23/23 MP: 3/3
  1057 | D:2      | Found a sacrificial altar of Ru.
  1621 | D:2      | Reached XP level 4. HP: 17/28 MP: 4/4
  2113 | D:3      | Reached skill level 1 in Unarmed Combat
  2217 | D:3      | Noticed Jessica
  2227 | D:3      | Killed Jessica
  2228 | D:3      | Reached skill level 5 in Evocations
  2228 | D:3      | Reached XP level 5. HP: 19/33 MP: 5/5
  2282 | D:3      | Found a shimmering blue altar of Sif Muna.
  2323 | D:3      | Found a sacrificial altar of Ru.
  2607 | D:3      | Found a stormy altar of Qazlal.
  2609 | D:3      | Noticed a fire elemental
  2610 | D:3      | Noticed a water elemental
  2610 | D:3      | Noticed an air elemental
  2895 | D:3      | Found an ornate altar of the Wu Jian Council.
  3059 | D:4      | Noticed a phantom
  3113 | D:4      | HP: 1/33 [acid (6)]
  3336 | D:4      | Found a shadowy altar of Dithmenos.
  3461 | D:4      | Reached XP level 6. HP: 39/39 MP: 6/6
  3588 | D:4      | Found a bloodstained altar of Trog.
  3588 | D:4      | Found an iron altar of Okawaru.
  3746 | D:4      | Noticed Edmund
  3754 | D:4      | Found a staircase to the Ecumenical Temple.
  3758 | Temple   | Entered the Ecumenical Temple
  3812 | Temple   | Became a worshipper of Gozag Ym Sagoz the Greedy
  4185 | D:5      | Entered Level 5 of the Dungeon
  4370 | D:4      | Reached XP level 7. HP: 9/45 MP: 7/7
  4685 | D:5      | Found a blossoming altar of Fedhas.
  5150 | D:6      | Reached skill level 5 in Unarmed Combat
  5307 | D:6      | Reached skill level 6 in Evocations
  5307 | D:6      | Reached XP level 8. HP: 30/51 MP: 8/8
  5518 | D:6      | Found a white marble altar of Elyvilon.
  5732 | D:6      | Reached skill level 5 in Dodging
  5796 | D:6      | HP: 2/52 [jelly (2)]
  5796 | D:6      | Splashed by a jelly's acid

Illustrated notes

Levels and vault maps discovered:
D:1:      dpeg_arrival_refuge, layout_basic, nicolae_wormholes
D:2:      layout_basic, basic_altar
D:3:      kb_forest_paths, layout_loops_corners,
          nicolae_qazlal_style_of_elements,
          mainiacjoe_overflow_concentric_impassable, tgw_sif,
          nemelex_dance_club_becter, mainiacjoe_overflow_chevrons
D:4:      layout_cave_pools, grunt_temple_overflow_bloody_war,
          mainiacjoe_overflow_boulevard, minmay_temple_entry_glassed_door,
          nicolae_figureground_sparkle, uniq_edmund
D:5:      layout_rooms, fedhas_altar_2
D:6:      corexii_shack_village, layout_basic, kennysheep_ying_yang
Temple:   nicolae_temple_ecumenical_triangle

Skill      XL: |  1  2  3  4  5  6  7  8 |
---------------+-------------------------+-----
Evocations     | 4 5 6 |  6.2
Dodging        | 3 4 5 |  5.0
Unarmed Combat | 1 2 3 5 |  5.8
Fighting       | 2 3 |  3.1
Stealth        | |  1.3

Action                     |  1- 3 |  4- 6 |  7- 9 || total
---------------------------+-------+-------+-------++-------
  Melee: Unarmed           |    77 |    87 |    95 ||   259
         Tentacles         |    23 |    19 |    23 ||    65
         Constrict         |    23 |    19 |    14 ||    56
         Punch             |     1 |     1 |     3 ||     5
  Evoke: Wand              |     3 |    17 |     8 ||    28
    Use: Potion            |       |       |     2 ||     2
   Stab: Sleeping          |     7 |     6 |     1 ||    14
 Armour: Skin              |       |     2 |     4 ||     6
  Dodge: Dodged            |    42 |    54 |    59 ||   155
